 Dungeon Crawl Stone Soup version 0.18-a0-1350-g404b4cb (webtiles) character file.

65 Duffy the Ruffian (level 4, -1/42 HPs)
             Began as a Naga Monk on Feb 18, 2016.
             Slain by an adder (5 damage)
             ... on level 2 of the Dungeon.
             The game lasted 00:03:32 (1725 turns).

Duffy the Ruffian (Naga Monk)                       Turns: 1725, Time: 00:03:32

Health: -1/42      AC:  2    Str: 14    XL:     4   Next: 13%
Magic:  4/4        EV: 10    Int: 11    God:
Gold:   97         SH:  0    Dex: 13    Spells: 0 memorised, 3 levels left

rFire  . . .     SeeInvis +       - Unarmed
rCold  . . .     Gourm    .     a - +0 robe
rNeg   . . .     Faith    .     (no shield)
rPois  +         Spirit   .     (no helmet)
rElec  .         Dismiss  .     (no cloak)
rCorr  .         Reflect  .     (no gloves)
SustAt .         Harm     .     (no barding)
MR     .....                    (no amulet)
Stlth  ++........               (no ring)
                                (no ring)

@: very slow, not resistant to hostile enchantments, unstealthy
A: see invisible, deformed body, poison resistance, slowness 2, slow metabolism
1, spit poison 2, AC +1
a: Spit Poison


You were on level 2 of the Dungeon.
You were not hungry.

You visited 1 branch of the dungeon, and saw 2 of its levels.

You collected 97 gold pieces.


Innate Abilities, Weirdness & Mutations

You cannot wear boots.
Your serpentine skin is tough (AC +1).
You have supernaturally acute eyesight.
Armour fits poorly on your strangely shaped body.
Your system is resistant to poisons.
You cover ground very slowly.
You have a slow metabolism.
You can spit poison.


   Skills:
 - Level 3.0 Fighting
 - Level 2.4 Dodging
 - Level 3.0 Stealth
 + Level 5.5 Unarmed Combat


You had 3 spell levels left.
You didn't know any spells.

Inventory:

Armour
 a - a +0 robe (worn)
 h - a +0 plate armour
Scrolls
 c - 2 scrolls of remove curse {unknown}
 g - a scroll of identify {unknown}
 l - a scroll of fear {unknown}
Potions
 e - 2 potions of ambrosia {unknown}
 f - a potion of heal wounds {unknown}
 j - a potion of might {unknown}
 k - 2 potions of haste {unknown}
Comestibles
 b - a bread ration
 d - a meat ration
 i - a royal jelly
 m - a chunk of flesh

Dungeon Overview and Level Annotations

Branches:
Dungeon (2/15)

Altars:


Message History

The worm is almost dead.
The adder closely misses you.
You barely miss the worm.
The worm is almost dead.
The adder closely misses you. The worm bites you!
You barely miss the worm.
The worm is severely wounded.
The adder closely misses you. The adder bites you.
You barely miss the worm.
The worm is severely wounded.
The worm bites you! The adder bites you.
You are too injured to fight recklessly!
You are too injured to fight recklessly!
You are too injured to fight recklessly!
You are too injured to fight recklessly!
You are too injured to fight recklessly!
You are too injured to fight recklessly!
You are too injured to fight recklessly!
You are too injured to fight recklessly!
You are too injured to fight recklessly!
You are too injured to fight recklessly!
You are too injured to fight recklessly!
You are too injured to fight recklessly!
You are too injured to fight recklessly!
You are too injured to fight recklessly!
You are too injured to fight recklessly!
You are too injured to fight recklessly!
You are too injured to fight recklessly!
You are too injured to fight recklessly!
You are too injured to fight recklessly!
You are too injured to fight recklessly!
The adder bites you. x2
The adder bites you. The adder bites you.
You die...

###### #....# ##### #....#
#...# ####.. #....#
#...##.....#
#....########...#..#
#...w.S@.......)..######
#......##.###...###....#
..........##...#)..###....#
....>....#..#######........#
.........#### #####....#
.........# #..(.# ..........
#....# ##.####..# ##..##
#######.##


You could see a worm and an adder.

Action                   |  1- 3 |  4- 6 || total
-------------------------+-------+-------++-------
Melee: Unarmed           |   110 |    10 ||   120
 Abil: Spit Poison       |     2 |       ||     2
 Stab: Sleeping          |     6 |     1 ||     7
       Distracted        |     1 |       ||     1
  Eat: Chunk             |     1 |     1 ||     2

Notes
Turn   | Place    | Note
--------------------------------------------------------------
     0 | D:1      | Duffy the Naga Monk began the quest for the Orb.
     0 | D:1      | Reached XP level 1. HP: 21/21 MP: 1/1
    20 | D:1      | Reached XP level 2. HP: 21/28 MP: 2/2
   873 | D:1      | Reached XP level 3. HP: 34/34 MP: 3/3
   956 | D:1      | Reached skill level 5 in Unarmed Combat
  1690 | D:2      | Reached XP level 4. HP: 42/42 MP: 4/4
  1725 | D:2      | Slain by an adder

Vault maps used:
D:1:      saegor_arrival_simple_b, minmay_surrounded
D:2:      hangedman_decor_push, st_stairs_3, minmay_goblin_kobold_house

Vanquished Creatures
  A gnoll
  An adder
  An ooze
  5 bats
  A giant cockroach
  4 goblins
  8 hobgoblins
  5 jackals
  5 kobolds
  A ball python
  6 rats
38 creatures vanquished.
